 Dungeon Crawl Stone Soup version 0.13.0-25-g43d4df3 (webtiles) character file.

973 MackTheKnife the Covert (level 7, 0/44 HPs)
             Began as an Octopode Artificer on Oct 28, 2013.
             Slain by a wight
             ... wielding a +3,+1 flail
              (10 damage)
             ... on Level 6 of the Dungeon.
             The game lasted 00:31:58 (7649 turns).

MackTheKnife the Covert (Octopode Artificer)        Turns: 7649, Time: 00:31:58

HP   0/44        AC  1     Str 10      XL: 7   Next: 63%
MP  10/10        EV 14     Int 22      God:
Gold 283         SH  0     Dex 12      Spells:  0 memorised,  6 levels left

Res.Fire  : . . .   See Invis. : .   d - +4,+2 quarterstaff (chaos)
Res.Cold  : + . .   Warding    : .   (no shield)
Life Prot.: . . .   Conserve   : .   (helmet restricted)
Res.Poison: .       Res.Corr.  : .   i - amulet of the gourmand
Res.Elec. : .       Clarity    : .   k - ring of protection from cold
Sust.Abil.: . .     Spirit.Shd : .   (no ring)
Res.Mut.  : .       Stasis     : .   (no ring)
Res.Rott. : .       Flight     : .   (no ring)
Gourmand  : +                        (no ring)
                                     (no ring)
                                     (no ring)
                                     (no ring)

@: brilliant, slowed, drained, very slow, slightly resistant to hostile
enchantments, very stealthy
A: almost no armour, amphibious, 8 rings, constrict 8, camouflage 1, AC +1
a: no special abilities


You were on level 6 of the Dungeon.
You were very hungry.

You visited 1 branch of the dungeon, and saw 7 of its levels.

You collected 263 gold pieces.

Inventory:

Hand weapons
 a - a +2,+2 whip of draining
 b - a +0,+2 dwarven dagger of venom
 c - a +0,+0 crossbow
 d - a +4,+2 quarterstaff of chaos (weapon)
 F - a -1,+1 orcish dagger (quivered)
 J - a +0,+2 orcish hand axe
Missiles
 j - 16 stones
 C - 18 bolts
Armour
 u - a +1 buckler of reflection
Magical devices
 n - a wand of enslavement (7)
 G - a wand of random effects (9)
 I - a wand of flame (0)
 L - a wand of random effects (6)
Comestibles
 f - 4 bread rations
 g - 9 sultanas
 m - a meat ration
 B - a pear
Scrolls
 o - 2 scrolls of remove curse
 p - 3 scrolls of identify
 s - 2 scrolls of fog
 x - a scroll of enchant weapon I
Jewellery
 i - an amulet of the gourmand (around mantle)
 k - a ring of protection from cold (left tentacle)
Potions
 e - 2 potions of mutation
 h - 2 potions of restore abilities
 l - a potion of curing {unknown}
 r - a potion of beneficial mutation {unknown}
 t - a potion of slowing
 H - a potion of flight
 N - a potion of magic {unknown}
Books
 O - a book of the Sky

   Spells                             Type                      Level
   Flight                             Charms/Air                   3
   Airstrike                          Air                          4
   Silence                            Hexes/Air                    5
   Deflect Missiles                   Charms/Air                   6
   Conjure Ball Lightning             Conjuration/Air              7
   Tornado                            Air                          9


   Skills:
 - Level 1.0(0.0) Fighting
 - Level 1.0(0.0) Short Blades
 + Level 6.2(5.1) Dodging
 - Level 8.0(6.8) Stealth
 - Level 3.2(2.2) Evocations


You had 6 spell levels left.
You didn't know any spells.

Dungeon Overview and Level Annotations

Branches:
Dungeon (7/27)
 Temple: D:4-7          Orc: D:6-11

Altars:
Trog
the Shining One

Annotations:
D:3 exclusion: 4 gnolls
D:5 Dowan, Pikel
D:6 exclusions: water moccasin and wight, Grinder


Innate Abilities, Weirdness & Mutations

You cannot wear most types of armour.
You are amphibious.
You can wear up to eight rings at the same time.
You can use your tentacles to constrict many enemies at once.
Your skin changes colour to match your surroundings (Stlth).
Your rubbery body absorbs attacks (AC +1).


Message History

The wight closely misses you.
You finish taking off your +1 buckler of reflection.
Wield which item (- for none, * to show all)? (? for menu, Esc to quit)
Your uncursed dwarven dagger of venom stops dripping with poison.
It is briefly surrounded by a scintillating aura of random colours.
d - an uncursed quarterstaff of chaos (weapon)
The wight closely misses you.
Drink which item? (? for menu, Esc to quit)
You feel more clever all of a sudden.
It was a potion of brilliance.
The wight hits you with a flail!
You hit the wight but do no damage. You grab the wight. You squeeze the wight!
The wight is heavily damaged.
You constrict the wight, but do no damage.
The wight hits you with a flail.
You hit the wight.
The wight is heavily damaged.
You constrict the wight. The wight hits you with a flail!
* * * LOW HITPOINT WARNING * * *
The wight hits you with a flail!
You die...

......# #.##.......
......# #.##.......
......###### #.##.......
####.#.....# #.# ....o.
####.#.....# #.# .
...........# #.#
####.#.....# #.#
..?).#.....# #.#
######....p# #@# #.....#
###z####### #.....#
#>.p......#
######.....###[........##
.........!...<...........
##########....)...........
...(...................##
##############.........#
###########


You could see a phantom and a wight.

Vanquished Creatures
  2 black bears (D:6)
  Sigmund (D:5)
  A jelly (D:5)
  Crazy Yiuf (D:6)
  A black bear skeleton (D:6)
  4 orc wizards
  Ijyb (D:3)
  3 worker ants
  3 adders
  4 worms
  2 giant geckos
  A hound (D:4)
  An ooze (D:1)
  28 orcs
  A bat skeleton (D:4)
  7 giant cockroaches
  13 goblins
  9 hobgoblins
  3 jackals (D:3)
  4 quokkas
  13 bats
  6 giant newts
  A giant newt skeleton (D:5)
  A jackal skeleton (D:6)
  7 kobolds
  A kobold skeleton (D:4)
  A kobold zombie (D:6)
  12 rats
  A fungus (D:6)
133 creatures vanquished.

Vanquished Creatures (collateral kills)
  An orc (D:3)
1 creature vanquished.

Vanquished Creatures (others)
  4 slaves (D:5)
4 creatures vanquished.

Grand Total: 138 creatures vanquished

Notes
Turn   | Place    | Note
--------------------------------------------------------------
     0 | D:1      | MackTheKnife, the Octopode Artificer, began the quest for the Orb.
     0 | D:1      | Reached XP level 1. HP: 14/14 MP: 1/1
     0 | D:1      | MackTheKnife: sup
     0 | D:1      | MackTheKnife: any idea how to play this guy?
     0 | D:1      | UrQuan: hah
    10 | D:1      | UrQuan: what are you going for?
    10 | D:1      | MackTheKnife: some guy on /rlg/ suggested this combo
    10 | D:1      | MackTheKnife: when I asked for something fun
    10 | D:1      | MackTheKnife: Ill prolly splat on D3
   417 | D:1      | Reached XP level 2. HP: 9/19 MP: 3/3
  1436 | D:2      | Reached XP level 3. HP: 22/24 MP: 4/4
  2243 | D:3      | Reached XP level 4. HP: 27/29 MP: 6/6
  2264 | D:3      | Found a glowing golden altar of the Shining One.
  2683 | D:3      | Reached skill level 4 in Stealth
  3171 | D:3      | Noticed Ijyb
  3181 | D:3      | Killed Ijyb
  4073 | D:3      | Reached XP level 5. HP: 30/34 MP: 7/7
  4183 | D:3      | Reached skill level 5 in Stealth
  4454 | D:4      | Noticed a sky beast
  5253 | D:4      | Reached skill level 6 in Stealth
  5332 | D:5      | Entered Level 5 of the Dungeon
  5334 | D:5      | Noticed Sigmund
  5421 | D:5      | Noticed Dowan
  5489 | D:5      | Reached XP level 6. HP: 39/39 MP: 9/9
  5554 | D:5      | Noticed a slave
  5625 | D:5      | Noticed a slave
  5627 | D:5      | Noticed a slave
  5628 | D:5      | Noticed Pikel
  5678 | D:6      | Vidiiot: >not using Enslavement on Pikel
  5678 | D:6      | MackTheKnife: moccasin
  5678 | D:6      | MackTheKnife: why.jpg
  5679 | D:5      | Noticed a slave
  5680 | D:5      | MackTheKnife: does pikel have shit MR or something?
  5681 | D:5      | Vidiiot: Well
  5684 | D:5      | Vidiiot: If you enslave him
  5684 | D:5      | Vidiiot: His slaves stop bothering you
  5684 | D:5      | Vidiiot: :D
  5685 | D:5      | MackTheKnife: huh.
  5685 | D:5      | MackTheKnife: cheers
  5710 | D:5      | Noticed a sky beast
  5721 | D:5      | Killed a freed slave
  5732 | D:5      | Killed a freed slave
  5734 | D:5      | Killed a freed slave
  5920 | D:5      | MackTheKnife: wonder if I can stab sigmund
  5920 | D:5      | MackTheKnife: ...
  5928 | D:5      | Killed Sigmund
  5928 | D:5      | Reached skill level 7 in Stealth
  5948 | D:5      | Killed a freed slave
  6516 | D:6      | Reached skill level 8 in Stealth
  6687 | D:6      | Noticed Crazy Yiuf
  6690 | D:6      | Killed Crazy Yiuf
  6731 | D:6      | Reached XP level 7. HP: 37/44 MP: 10/10
  6746 | D:6      | Found a bloodstained altar of Trog.
  6752 | D:6      | Reached skill level 5 in Dodging
  7491 | D:6      | Noticed Grinder
  7649 | D:6      | Slain by a wight

Action                   |  1- 3 |  4- 6 |  7- 9 || total
-------------------------+-------+-------+-------++-------
Melee: Short sword       |    82 |    39 |       ||   121
       Dagger            |       |    58 |     7 ||    65
       Whip              |       |    67 |    26 ||    93
       Quarterstaff      |       |       |     2 ||     2
 Fire: Crossbow          |       |     3 |       ||     3
Throw: Stone             |    16 |     7 |       ||    23
       Dagger            |     7 |    19 |       ||    26
       Club              |     9 |     5 |       ||    14
       Hand axe          |       |    10 |       ||    10
Evoke: Wand              |     6 |    26 |     5 ||    37
  Use: Scroll            |     1 |    15 |     2 ||    18
       Potion            |       |       |     5 ||     5
 Stab: Sleeping          |     3 |    11 |     3 ||    17
       Betrayed ally     |       |     1 |       ||     1
       Distracted        |       |       |     1 ||     1
